 Dungeon Crawl Stone Soup version 0.19.1-1-g22dce08 (webtiles) character file.

64 Gargoyl the Skirmisher (level 4, -3/40 HPs)
             Began as a Ghoul Abyssal Knight on Jan 13, 2017.
             Was a Follower of Lugonu.
             Slain by a gnoll
             ... wielding a +0 halberd
              (9 damage)
             ... on level 2 of the Dungeon.
             The game lasted 00:02:37 (1367 turns).

Gargoyl the Skirmisher (Ghoul Abyssal Knight)       Turns: 1367, Time: 00:02:38

Health: -3/40      AC:  8    Str: 15    XL:     4   Next: 12%
Magic:  4/4        EV:  6    Int:  7    God:    Lugonu [*.....]
Gold:   77         SH:  0    Dex:  9    Spells: 0 memorised, 3 levels left

rFire  . . .     SeeInvis .     o - +0 war axe (chop)
rCold  + . .     Gourm    .     d - +0 chain mail
rNeg   + + +     Faith    .     (no shield)
rPois  ∞         Spirit   .     (no helmet)
rElec  .         Reflect  .     (no cloak)
rCorr  .         Harm     .     (no gloves)
MR     .....                    (no boots)
Stlth  ..........               (no amulet)
                                (no ring)
                                (no ring)

@: rotting
A: rotting body, claws 1, carnivore 3, cold resistance 1, negative energy
resistance 3, slow regeneration 1, torment resistance, unbreathing
a: Depart the Abyss, Renounce Religion


You were on level 2 of the Dungeon.
You worshipped Lugonu.
Lugonu was aware of your devotion.
You were not hungry.

You visited 1 branch of the dungeon, and saw 2 of its levels.
You visited the Abyss 1 time.

You collected 77 gold pieces.

Inventory:

Hand Weapons
 a - a +1 hand axe
 o - a +0 war axe of chopping (weapon)
Armour
 b - a +0 leather armour
 d - a +0 chain mail (worn)
Scrolls
 f - a scroll of remove curse
 j - a scroll of noise {unknown}
 m - a scroll of immolation {unknown}
 n - a scroll of teleportation {unknown}
Potions
 e - a potion of haste {unknown}
 h - a potion of curing {unknown}
 l - a potion of lignification {unknown}
 p - a potion of might {unknown}
Comestibles
 c - a meat ration
 g - a beef jerky
 i - a slice of pizza


   Skills:
 + Level 4.1 Fighting
 + Level 2.2 Axes
 * Level 2.4 Armour
 + Level 0.8 Dodging
 * Level 2.5 Invocations


You had 3 spell levels left.
You didn't know any spells.

Dungeon Overview and Level Annotations

Branches:
Dungeon (2/15)

Altars:


Innate Abilities, Weirdness & Mutations

Your body is rotting away.
You thrive on raw meat.
You are immune to poison.
You have sharp fingernails.
You are carnivorous and can eat meat at any time.
Your flesh is cold resistant. (rC+)
You are immune to negative energy. (rN+++)
You regenerate slowly when monsters are visible.
You are immune to unholy pain and torment.
You can survive without breathing.


Message History

The gnoll closely misses you.
The gnoll hits you but does no damage. x2
You hit the gnoll but do no damage.
The gnoll is severely wounded.
You hit the gnoll.
You kill the gnoll!
Lugonu accepts your kill.
You have reached level 4!
The gnoll barely misses you. x2
Your chain mail prevents you from hitting the gnoll.
The gnoll is severely wounded.
The gnoll hits you with a halberd!
* * * LOW HITPOINT WARNING * * *
You hit the gnoll but do no damage.
The gnoll is severely wounded.
The gnoll hits you with a halberd.
* * * LOW HITPOINT WARNING * * *
You barely miss the gnoll.
The gnoll is severely wounded.
The gnoll hits you with a halberd!
You die...

###### #....#####.#
#...........
#....####### ####.#.<#
. #......#.# #...@g##.#
#.#.# #....)...# .....
###.#..######.#.#
#.#.......#.#.# .#
#.#.#####g#.#.# .#
#.#.# #.#.#.# .#
####.#.#####g#.#.###..
......................>
...##.........#.#....##


You could see a gnoll.

Vanquished Creatures
  2 gnolls (D:2)
  An adder (D:2)
  A worm (D:2)
  A dart slug (D:1)
  A leopard gecko (D:1)
  4 goblins (D:1)
  2 hobgoblins (D:1)
  A jackal (D:1)
  3 bats
  4 frilled lizards (D:1)
  9 kobolds
  7 rats
36 creatures vanquished.

Notes
Turn   | Place    | Note
-------+----------+-------------------------------------------
     0 | Abyss:1  | Gargoyl the Ghoul Abyssal Knight began the quest for the Orb.
     0 | Abyss:1  | Reached XP level 1. HP: 19/19 MP: 1/1
    66 | Abyss:2  | Noticed a raiju
    66 | Abyss:2  | Noticed a raiju
    69 | D:1      | Escaped the Abyss
   393 | D:1      | Reached * piety under Lugonu
   393 | D:1      | Reached XP level 2. HP: 26/27 MP: 2/2
   865 | D:1      | Reached XP level 3. HP: 29/33 MP: 3/3
  1095 | D:2      | Reached skill level 4 in Fighting
  1364 | D:2      | Reached XP level 4. HP: 15/40 MP: 4/4
  1367 | D:2      | Slain by a gnoll

Skill      XL: |  1  2  3 |
---------------+----------+-----
Armour         | 2 |  2.4
Axes           | 2 |  2.2
Fighting       | 4 |  4.1
Dodging        | |  0.8
Invocations    | |  2.5

Action                   |  1- 3 |  4- 6 || total
-------------------------+-------+-------++-------
Melee: Hand axe          |    65 |       ||    65
       War axe           |    43 |     3 ||    46
Invok: Depart the Abyss  |     1 |       ||     1
  Use: Scroll            |     1 |       ||     1
  Eat: Chunk             |    13 |       ||    13
Armor: Chain mail        |    76 |       ||    76
Dodge: Dodged            |    46 |     2 ||    48
